 Dungeon Crawl Stone Soup version 0.23.2 (webtiles) character file.

Game seed: 14137736773561293629

100 Kinoniko the Slasher (level 4, -6/34 HPs)
             Began as a Demonspawn Gladiator on Apr 2, 2019.
             Mangled by Natasha (8 damage)
             ... on level 2 of the Dungeon.
             The game lasted 00:04:08 (1664 turns).

Kinoniko the Slasher (Demonspawn Gladiator)         Turns: 1664, Time: 00:04:09

Health: -6/34      AC:  4    Str: 16    XL:     4   Next: 46%
Magic:  4/4        EV: 13    Int:  9    God:
Gold:   60         SH:  0    Dex: 14    Spells: 3/3 levels left

rFire    . . .     SeeInvis .   a - +0 long sword
rCold    . . .     Gourm    .   (no shield)
rNeg     . . .     Faith    .   b - +0 leather armour
rPois    .         Spirit   .   c - +0 helmet
rElec    .         Reflect  .   (no cloak)
rCorr    .         Harm     .   (no gloves)
MR       .....                  (no boots)
Stlth    +.........             (no amulet)
HPRegen  0.11/turn              (no ring)
MPRegen  0.09/turn              (no ring)

@: no status effects
A: rot immunity
a: no special abilities


You were on level 2 of the Dungeon.
You were not hungry.

You visited 1 branch of the dungeon, and saw 2 of its levels.

You collected 60 gold pieces.

Inventory:

Hand Weapons
 a - a +0 long sword (weapon)
 h - a +2 antimagic hand axe
Missiles
 d - 5 throwing nets (quivered)
Armour
 b - a +0 leather armour (worn)
 c - a +0 helmet (worn)
 l - a +0 helmet
Scrolls
 k - a scroll of identify {unknown}
 m - a scroll of teleportation
Potions
 e - a potion of haste {unknown}
 g - 2 potions of curing {unknown}
 i - 2 potions of flight {unknown}
 j - a potion of resistance {unknown}
Comestibles
 f - 2 rations


   Skills:
 + Level 2.5 Fighting
 + Level 3.7 Long Blades
 + Level 2.0 Throwing
 + Level 1.0 Armour
 + Level 3.1 Dodging
 + Level 0.8 Stealth


You had 3 spell levels left.
You didn't know any spells.
Your spell library was empty.

Dungeon Overview and Level Annotations

Branches:
Dungeon (2/15)

Altars:

Annotations:
D:2 Natasha


Innate Abilities, Weirdness & Mutations

You are immune to rotting.


Message History

* * * LOW HITPOINT WARNING * * *
You barely miss Natasha.
Natasha is lightly wounded.
The crimson imp grins evilly. x2
The crimson imp closely misses you. Natasha misses you.
You hit Natasha.
Natasha is lightly wounded.
The crimson imp hits you but does no damage.
Natasha closely misses you.
You hit Natasha.
Natasha is heavily wounded.
The crimson imp barely misses you. Natasha completely misses you.
You riposte.
You hit Natasha.
Natasha is heavily wounded.
The crimson imp blinks!
You closely miss Natasha.
Natasha is heavily wounded.
The crimson imp disappears in a puff of smoke!
Natasha claws you!
You die...

#. #. #. #. #. #.
#. ############# #.
#..§h@..?...# #.
#.#########5# #.
#.# #.
########.####### #.
................ #.
.#######.#########.
#...........
############


You could see Natasha and a crimson imp.

Vanquished Creatures
  Natasha (twice) (D:2)
  2 oozes (D:1)
  A worm (D:2)
  2 leopard geckos (D:1)
  A bat (D:1)
  2 giant cockroaches (D:1)
  6 hobgoblins
  8 jackals (D:1)
  2 frilled lizards
  2 goblins
  4 kobolds
  2 rats (D:1)
34 creatures vanquished.

Notes
Turn   | Place    | Note
-------+----------+-------------------------------------------
     0 | D:1      | Kinoniko the Demonspawn Gladiator began the quest for the
                  | Orb.
     0 | D:1      | Reached XP level 1. HP: 16/16 MP: 1/1
    52 | D:1      | Gained mutation: You are immune to rotting. [demonic
                  | ancestry]
    52 | D:1      | Reached XP level 2. HP: 12/22 MP: 2/2
   298 | D:1      | Reached XP level 3. HP: 10/27 MP: 3/3
   609 | D:2      | Noticed Natasha
   621 | D:2      | Killed Natasha
   644 | D:2      | Reached XP level 4. HP: 4/34 MP: 4/4
  1195 | D:2      | Noticed Natasha
  1206 | D:2      | Killed Natasha
  1454 | D:2      | Reached skill level 1 in Armour
  1650 | D:2      | Noticed Natasha
  1660 | D:2      | HP: 1/34 [Natasha (7)]
  1664 | D:2      | Mangled by Natasha

Skill      XL: |  1  2  3  4 |
---------------+-------------+-----
Long Blades    | 3 |  3.7
Throwing       | 2 |  2.0
Dodging        | 3 |  3.1
Armour         | 1 |  1.0
Fighting       | |  2.5
Stealth        | |  0.8

Action                   |  1- 3 |  4- 6 || total
-------------------------+-------+-------++-------
Melee: Long sword        |    81 |    32 ||   113
  Use: Scroll            |     1 |       ||     1
 Stab: Sleeping          |     2 |       ||     2
  Eat: Ration            |       |     1 ||     1
Armor: Leather armour    |    32 |     9 ||    41
Dodge: Dodged            |    80 |    30 ||   110
       Rpst.: Long sword |    29 |     6 ||    35
